 Dungeon Crawl Stone Soup version 0.26-a0-1033-gd598b01645 (webtiles) character file.

Game seed: 5367441099813853052

4671 robertstho the Slinger (level 10, -1/71 (72) HPs)
             Began as a Halfling Hunter on Dec 10, 2020.
             Was a Priest of Okawaru.
             Slain by a yak (14 damage)
             ... on level 9 of the Dungeon.
             The game lasted 00:14:18 (8420 turns).

robertstho the Slinger (Halfling Hunter)            Turns: 8420, Time: 00:14:18

HP:   -1/71 (72)    AC: 10    Str: 16    XL:     10   Next: 71%
MP:   12/12         EV: 14    Int:  9    God:    Okawaru [***...]
Gold: 480           SH:  5    Dex: 20    Spells: 9/9 levels left

rFire    . . .     SeeInvis .   a - +2 hunting sling
rCold    . . .     Faith    .   L - +0 buckler
rNeg     . . .     Spirit   .   v - +1 ring mail of Incorporation {Str+4}
rPois    +         Reflect  .   B - +1 helmet of the Old World {rPois rCorr Str-4 Dex+4}
rElec    .         Harm     .   (no cloak)
rCorr    +         Rampage  .   e - +0 pair of gloves
Will     .....                  (no boots)
Stlth    +++++.....             (no amulet)
HPRegen  0.21/turn              z - ring of stealth
MPRegen  0.13/turn              K - ring of stealth

@: no status effects
A: small, mutation resistance 1
a: Heroism, Renounce Religion


You were on level 9 of the Dungeon.
You worshipped Okawaru.
Okawaru was most pleased with you.
You visited 1 branch of the dungeon, and saw 9 of its levels.

You collected 480 gold pieces.

Inventory:

Hand Weapons
 a - a +2 hunting sling (weapon)
 I - a +0 spear of venom
Missiles
 d - 54 sling bullets
 f - 191 stones (quivered ammo)
Armour
 e - a +0 pair of gloves (worn)
 v - the +1 ring mail of Incorporation (worn) {Str+4}
   (You found it on level 4 of the Dungeon)

   It affects your strength (+4).
 B - the +1 helmet of the Old World (worn) {rPois rCorr Str-4 Dex+4}
   (You found it on level 5 of the Dungeon)

   It affects your strength (-4).
   It affects your dexterity (+4).
   It protects you from poison.
   It provides partial protection from all sources of acid and corrosion.
 L - a +0 buckler (worn)
Jewellery
 y - an uncursed ring of poison resistance
 z - a ring of stealth (left hand)
 A - an uncursed ring of positive energy
 K - a ring of stealth (right hand)
Wands
 b - a wand of random effects (17)
 l - a wand of iceblast (17)
 p - a wand of polymorph (5)
 r - a wand of paralysis (10)
 w - a wand of enslavement (11)
Scrolls
 c - a scroll of magic mapping {unknown}
 g - 4 scrolls of remove curse
 h - 4 scrolls of enchant weapon
 i - 3 scrolls of immolation {unknown}
 k - a scroll of amnesia {unknown}
 q - 3 scrolls of noise {unknown}
 u - 7 scrolls of teleportation {unknown}
 x - a scroll of fear {unknown}
 D - a scroll of holy word {unknown}
 F - a scroll of fog {unknown}
Potions
 j - a potion of resistance {unknown}
 m - 2 potions of cancellation
 n - 2 potions of brilliance {unknown}
 o - a potion of mutation
 s - a potion of invisibility
 t - 2 potions of lignification
 C - a potion of might {unknown}
 E - a potion of haste
 G - 2 potions of curing
 H - a potion of magic
 J - a potion of flight


   Skills:
 * Level 7.7 Fighting
 + Level 0.6 Short Blades
 * Level 14.2 Slings
 + Level 4.1 Armour
 + Level 3.3 Dodging
 * Level 6.5 Stealth
 * Level 3.4 Invocations
 - Level 0.1 Evocations


You had 9 spell levels left.
You didn't know any spells.
Your spell library contained the following spells:

 Spells                   Type           Power        Failure   Level
 Animate Skeleton         Necr           #.....       77%         1
 Apportation              Tloc           #.....       77%         1
 Corona                   Hex            #......      77%         1
 Foxfire                  Conj/Fire      #...         77%         1
 Summon Small Mammal      Summ           #...         77%         1
 Conjure Flame            Conj/Fire      #.......     98%         3
 Inner Flame              Hex/Fire       #.......     98%         3
 Sticky Flame             Conj/Fire      #.......     100%        4
 Fireball                 Conj/Fire      #.........   100%        5


Dungeon Overview and Level Annotations

Branches:
Dungeon (9/15)             Temple (0/1) D:6
   Lair: D:8-11         Orc: D:9-12

Altars:
Gozag
Kikubaaqudgha
Nemelex Xobeh
Okawaru
Qazlal
Ru
Wu Jian
Yredelemnul
Zin
The Shining One

Shops:
D:4 *   D:6 [

Annotations:
D:4 2 runed translucent doors, Sabo's ghost, amateur TrFi


Innate Abilities, Weirdness & Mutations

You are small and have problems with some larger weapons.
You are somewhat resistant to further mutation.


Message History

The yak gores you but does no damage. x2; The yak closely misses you.
You block the yak's attack.
Unknown command.
You shoot a stone. The stone hits the yak.
The yak is severely wounded.
The yak gores you! You block the yak's attack. The yak gores you!
* * * LOW HITPOINT WARNING * * *
Unknown command.
You are too injured to fight recklessly!
Unknown command.
You are too injured to fight recklessly!
Unknown command.
You are too injured to fight recklessly!
Unknown command.
You are too injured to fight recklessly!
Unknown command.
You are too injured to fight recklessly!
The yak gores you but does no damage. The yak gores you!
You die...

..#...#...#...#
..#).<##'##...###########
......#...#...#..(.......
......#...#...#.....(....
......#...#...#..(((.....
.##########...#.YY#####
.#.......#....#.......#
.'.......'....#YYY....+
.#.......#....#.@.....#
######...#######'######
...>....................
........................
........................
........................
########################


You could see 5 yaks.

Vanquished Creatures
  Maggie (D:9)
  Grinder (D:4)
  Sigmund (D:5)
  2 yaks
  A wyvern (D:9)
  Menkaure (D:4)
  A vampire mosquito (D:8)
  Duvessa (D:4)
  A water moccasin (D:9)
  3 sky beasts
  3 phantoms
  2 black bears
  A necrophage (D:8)
  5 ogres
  3 centaurs
  4 bullfrogs
  A gnoll sergeant (D:8)
  Dowan (D:4)
  5 killer bees (D:7)
  A howler monkey (D:8)
  2 bullfrog zombies
  2 jellies
  2 orc priests (D:8)
  A bullfrog skeleton (D:4)
  5 hounds
  4 orc wizards
  Ijyb (D:3)
  An iguana (D:4)
  7 worker ants
  3 hound zombies
  3 hound skeletons
  A howler monkey zombie (D:6)
  Robin (D:4)
  7 gnolls
  10 adders
  4 shadow imps
  A white imp (D:5)
  An ufetubus (D:6)
  An adder skeleton (D:7)
  3 dart slugs
  2 worms
  9 leopard geckos
  27 orcs
  A ball python (D:1)
  4 giant cockroaches
  12 goblins
  17 hobgoblins
  12 jackals
  4 kobolds
  A quokka (D:3)
  5 bats
  4 frilled lizards
  3 rats
  A spectral orc (D:9)
201 creatures vanquished.

Notes
Turn   | Place    | Note
-------+----------+-------------------------------------------
     0 | D:1      | robertstho the Halfling Hunter began the quest for the Orb.
     0 | D:1      | Reached XP level 1. HP: 14/14 MP: 1/1
    30 | D:1      | Reached skill level 6 in Slings
    54 | D:1      | Reached XP level 2. HP: 19/19 MP: 2/2
   351 | D:1      | Reached XP level 3. HP: 21/24 MP: 3/3
   639 | D:2      | Reached skill level 7 in Slings
   694 | D:2      | Found an ancient bone altar of Kikubaaqudgha.
   772 | D:2      | Reached XP level 4. HP: 29/29 MP: 4/4
  1048 | D:2      | Found a sparkling altar of Nemelex Xobeh.
  1713 | D:3      | Noticed Ijyb
  1735 | D:3      | Killed Ijyb
  1736 | D:3      | Reached XP level 5. HP: 34/36 MP: 5/5
  1908 | D:4      | Noticed Grinder
  1911 | D:4      | Paralysed by Grinder for 4 turns
  1921 | D:4      | Paralysed by Grinder for 4 turns
  1935 | D:4      | Paralysed by Grinder for 4 turns
  1941 | D:4      | Killed Grinder
  1942 | D:4      | Reached skill level 9 in Slings
  1942 | D:4      | Reached XP level 6. HP: 24/42 MP: 6/6
  2097 | D:4      | Noticed Robin
  2109 | D:4      | Killed Robin
  2213 | D:4      | Noticed an ogre
  2227 | D:4      | Killed an ogre
  2228 | D:4      | Reached XP level 7. HP: 42/46 MP: 7/7
  2249 | D:4      | Reached skill level 10 in Slings
  2463 | D:4      | Found a large runed translucent door.
  2464 | D:4      | Found a large runed translucent door.
  2469 | D:4      | Noticed Sabo's ghost (amateur TrFi)
  2492 | D:4      | Noticed Dowan
  2493 | D:4      | Noticed Menkaure
  2496 | D:4      | Noticed Duvessa
  2503 | D:4      | Killed Menkaure
  2503 | D:4      | Killed Dowan
  2503 | D:4      | Killed Duvessa
  2504 | D:4      | Reached skill level 1 in Armour
  2504 | D:4      | Reached XP level 8. HP: 23/54 MP: 8/8
  2568 | D:4      | Reached skill level 11 in Slings
  2771 | D:4      | Got a smelly ring mail
  2781 | D:4      | Identified the cursed +1 ring mail of Incorporation {Str+4}
                  | (You found it on level 4 of the Dungeon)
  3103 | D:4      | Found Gozag's Platinum Reserve.
  3105 | D:4      | Found an opulent altar of Gozag.
  3206 | D:4      | Found a glowing silver altar of Zin.
  3206 | D:4      | Found a stormy altar of Qazlal.
  3237 | D:4      | Found an ornate altar of the Wu Jian Council.
  3276 | D:5      | Entered Level 5 of the Dungeon
  3830 | D:5      | Noticed Sigmund
  3846 | D:5      | Killed Sigmund
  3847 | D:5      | Reached skill level 12 in Slings
  3847 | D:5      | Reached XP level 9. HP: 60/60 MP: 9/9
  3851 | D:5      | Got a steaming helmet
  3872 | D:5      | Identified the +1 helmet of the Old World {rPois rCorr
                  | Str-4 Dex+4} (You found it on level 5 of the Dungeon)
  3893 | D:5      | Found an iron altar of Okawaru.
  3903 | D:5      | Became a worshipper of Warmaster Okawaru
  3993 | D:5      | Reached skill level 5 in Fighting
  4618 | D:6      | Found Xoptao's Antique Armour Emporium.
  4626 | D:6      | Found a staircase to the Ecumenical Temple.
  4629 | D:6      | Reached skill level 5 in Stealth
  4642 | D:6      | Reached skill level 1 in Invocations
  4873 | D:6      | Reached * piety under Okawaru
  4972 | D:6      | Found a glowing golden altar of the Shining One.
  5302 | D:7      | Reached skill level 13 in Slings
  6227 | D:8      | Reached XP level 10. HP: 61/68 MP: 11/11
  6557 | D:8      | Reached ** piety under Okawaru
  6790 | D:8      | Reached skill level 14 in Slings
  7575 | D:9      | Found an iron altar of Okawaru.
  7638 | D:9      | Noticed Maggie
  7667 | D:9      | Killed Maggie
  8069 | D:9      | Reached *** piety under Okawaru
  8143 | D:9      | Found a basalt altar of Yredelemnul.
  8360 | D:9      | Found a sacrificial altar of Ru.
  8420 | D:9      | Slain by a yak

Illustrated notes

Levels and vault maps discovered:
D:1:      zaba_arrival_water, layout_rooms, hex_medium
D:2:      layout_basic, overflow_temple_1_default,
          nemelex_xobeh_ov_fountains_minmay, serial_glass, glass_columns_a,
          glass_columns_a, serial_bayou_lake_a
D:3:      layout_rooms, minmay_misc_feat_ornament, uniq_ijyb
D:4:      layout_rooms, nicolae_gozag_zags_fifth_avenue,
          gammafunk_temple_overflow_claw, ebering_ghost_disaster_area,
          st_stairs_13, grunt_ministairs_1, chequers_avenue, uniq_grinder,
          uniq_robin, uniq_menkaure, uniq_duvessa
D:5:      layout_layer_cave, basic_altar, uniq_sigmund
D:6:      layout_cave_pools, minmay_temple_entry_statues_pillars, serial_shops,
          shop_fountains, nicolae_tso_carved_into_rock
D:7:      layout_basic
D:8:      layout_loops_ring, minmay_chambers_of_fives
D:9:      layout_grid_maze, lemuel_round_altar, old_standard_altar,
          yredelemnul_forgotten_temple_becter, serial_shops,
          nicolae_shop_overgrown_old_shop, nicolae_lava_and_water, uniq_maggie

Skill      XL: |  1  2  3  4  5  6  7  8  9 10 |
---------------+-------------------------------+-----
Slings         | 6 7 9 10 12 13 14 | 14.2
Fighting       | 2 3 4 6 7 |  7.7
Stealth        | 2 3 4 6 |  6.5
Armour         | 1 2 4 |  4.1
Invocations    | 2 3 |  3.4
Dodging        | 3 |  3.3
Short Blades   | |  0.6
Evocations     | |  0.1

Action                   |  1- 3 |  4- 6 |  7- 9 | 10-12 || total
-------------------------+-------+-------+-------+-------++-------
Melee: Hunting sling     |       |       |     3 |       ||     3
       Short sword       |       |       |     2 |       ||     2
       Spear             |       |       |       |    17 ||    17
 Fire: Hunting sling     |    74 |   159 |   474 |   240 ||   947
Invok: Heroism           |       |       |       |     1 ||     1
Evoke: Wand              |       |       |     5 |     3 ||     8
  Use: Scroll            |       |     4 |     4 |     4 ||    12
       Potion            |       |     1 |       |       ||     1
 Stab: Paralysed         |       |       |       |     2 ||     2
Armor: Leather armour    |     2 |       |       |       ||     2
       Scale mail        |       |    15 |    14 |       ||    29
       Ring mail         |       |       |    34 |    27 ||    61
Dodge: Dodged            |     5 |    26 |    86 |    45 ||   162
Block: Buckler           |       |       |       |     4 ||     4

Table legend: (Time is in decaauts)
 A = Elapsed time spent in this place.
 B = Non-inter-level travel time spent in this place.
 C = Inter-level travel time spent in this place.
 D = Time resting spent in this place.
 E = Time spent auto-exploring this place.
 F = Levels seen in this place.
 G = Mean time per level.
                   A        B        C        D        E       F      G
               +--------+--------+--------+--------+--------+-----+--------+
         Total |   8131 |   7879 |    252 |      0 |   6623 |   9 |  903.4 |
       Dungeon |   8131 |   7879 |    252 |      0 |   6623 |   9 |  903.4 |
               +--------+--------+--------+--------+--------+-----+--------+

Top non-repeatable levels by time:
     D:8: 1422 daAuts
     D:4: 1352 daAuts
     D:5: 1190 daAuts
     D:9: 928 daAuts
     D:2: 928 daAuts
     D:7: 768 daAuts
     D:6: 585 daAuts
     D:3: 484 daAuts
     D:1: 471 daAuts
